Map: Acid Plant LE

Players

CinDra - Winner!

  • Race: Zerg Zerg
  • League: Bronze
  • Spawn Location: 5:00

Fifi

  • Race: Zerg Zerg
  • League: Silver
  • Spawn Location: 11:00

VOD

Have the link to the VOD?

Description

Time

  • Played on: Feb. 9, 2018, 1:27 p.m.
  • Length: 11:59
Show
View Real Time Build Order
Export as new Build Order

CinDra Zerg - Winner!

Build Orders: Hatch First 

Get SALT Encoding   

  12  0:01  Drone  
  13  0:09  Drone  
  14  0:16  Overlord  
  15  0:35  Drone x2  
  15  0:36  Drone  
  17  0:53  Hatchery  
  16  0:59  Drone x2  
  18  1:17  Drone  
  19  1:23  Spawning Pool  
  18  1:34  Drone x2  
  18  1:39  Extractor  
  19  1:40  Drone  
  20  1:51  Overlord  
  20  2:06  Drone x2  
  21  2:11  Queen x2  
  21  2:13  Overlord  
  25  2:24  Drone x2  
  27  2:38  Zergling x2  
  27  2:39  Zergling x4  
  29  3:25  Drone x5  
  29  3:26  Drone  
  35  3:36  Metabolic Boost  
  35  3:37  Extractor  
  34  3:42  Drone x2  
  34  3:43  Roach Warren  
  34  3:45  Zergling x4  
  37  3:55  Drone  
  38  3:56  Drone x5  
  43  4:05  Zergling x2  
  43  4:06  Overlord  
  44  4:18  Overlord x2  
  44  4:27  Lair  
  44  4:34  Roach x4  
  52  4:48  Extractor, Drone x2  
  52  4:49  Extractor, Drone x3  
  55  5:11  Drone  
  55  5:12  Drone x4  
  55  5:13  Drone  
  61  5:19  Drone  
  61  5:20  Drone  
  63  5:28  Glial Reconstitution  
  63  5:29  Spire  
  53  5:43  Roach  
  53  5:44  Roach x7  
  59  6:19  Roach  
  59  6:20  Roach x3  
  59  6:21  Overlord x2  
  59  6:25  Pneumatized Carapace  
  67  6:35  Overlord x2  
  67  6:38  Queen  
  69  6:45  Evolution Chamber  
  68  6:49  Evolution Chamber  
  68  6:53  Zergling x8  
  71  7:06  Mutalisk x2  
  75  7:12  Zerg Flyer Weapons Level 1  
  75  7:14  Queen  
  75  7:15  Zerg Missile Weapons Level 1, Zerg Ground Armor Level 1  
  77  7:27  Queen  
  79  7:43  Hatchery  
  78  8:02  Mutalisk  
  78  8:03  Mutalisk x7  
  78  8:05  Roach  
  96  8:28  Drone x2  
  96  8:29  Drone x2  
  100  9:43  Mutalisk x3  
  100  9:44  Mutalisk x2  
  100  9:45  Overlord  
  106  9:46  Overlord x9  
  104  10:04  Mutalisk x6  
  104  10:05  Mutalisk x2  
  118  10:52  Drone  
  118  10:53  Drone x17  
  136  11:23  Mutalisk  
  136  11:24  Mutalisk x3  
  142  11:27  Overlord x2  
  142  11:32  Extractor  
  141  11:34  Extractor  
Show
View Real Time Build Order
Export as new Build Order

Fifi Zerg 

Build Orders: Pool First 

Get SALT Encoding   

  12  0:02  Drone  
  13  0:09  Drone  
  14  0:29  Spawning Pool  
  14  0:31  Drone  
  14  0:35  Extractor  
  13  0:40  Overlord  
  13  0:45  Drone  
  14  1:12  Drone  
  14  1:13  Drone x2  
  14  1:18  Queen  
  19  1:26  Zergling x2  
  20  1:44  Spine Crawler  
  20  1:46  Zergling x2  
  20  1:47  Zergling x2  
  21  2:15  Drone  
  22  2:20  Overlord  
  22  2:22  Overlord  
  22  2:26  Extractor  
  22  2:27  Hatchery  
  22  2:29  Metabolic Boost  
  20  2:36  Drone  
  21  2:46  Drone  
  21  2:47  Drone x2  
  23  3:12  Zergling x6, Roach Warren  
  23  3:13  Zergling x4  
  25  3:32  Drone  
  25  3:33  Drone  
  27  3:47  Overlord, Drone  
  27  3:48  Drone  
  29  3:49  Drone x2  
  29  3:54  Roach  
  33  4:02  Roach  
  35  4:03  Roach  
  37  4:17  Roach x2  
  37  4:18  Roach x2  
  37  4:19  Overlord  
  45  4:29  Lair  
  45  4:43  Drone x2  
  49  4:45  Roach  
  49  4:49  Roach  
  51  5:12  Ravager  
  51  5:13  Ravager  
  53  5:19  Drone x3  
  53  5:20  Drone x3  
  54  5:39  Roach x3  
  54  5:52  Burrow  
  52  5:59  Roach x4  
  53  6:14  Roach x3  
  53  6:15  Roach  
  53  6:16  Roach  
  58  6:26  Drone  
  58  6:28  Extractor  
  58  6:30  Overlord  
  58  6:32  Extractor  
  57  6:48  Spire, Drone x2  
  57  6:49  Drone x2  
  60  6:58  Drone x2  
  62  7:02  Queen  
  64  7:15  Spine Crawler  
  63  7:16  Tunneling Claws  
  63  7:18  Drone x3  
  63  7:19  Overlord x2  
  66  7:30  Hydralisk Den  
  65  7:44  Hatchery  
  65  7:45  Extractor  
  65  7:48  Drone x2  
  65  7:51  Roach  
  65  7:52  Roach x2  
  65  7:53  Extractor  
  70  8:00  Roach x3  
  70  8:01  Roach  
  78  8:06  Roach x19  
  78  8:10  Roach x19  
  78  8:14  Infestation Pit  
  78  8:16  Hydralisk x3  
  78  8:19  Overlord x2  
  83  8:36  Hydralisk  
  83  8:38  Hydralisk x4  
  93  8:43  Overlord  
  93  8:46  Drone  
  94  8:57  Hive  
  94  9:01  Drone x2  
  94  9:02  Hydralisk  
  98  9:10  Ravager x3  
  98  9:11  Ravager x2  
  103  9:21  Mutalisk  
  105  9:25  Zergling x6  
  100  9:47  Overlord  
  100  9:48  Overlord x5  
  86  10:06  Overlord x3  
  80  10:07  Overlord  
  80  10:09  Hydralisk  
  80  10:10  Hydralisk  
  77  10:42  Hydralisk x3, Drone x15  
  75  10:43  Hydralisk  
  75  10:48  Roach x14  
  78  10:59  Spore Crawler  
  69  11:19  Hydralisk  
  69  11:24  Roach x14  
  65  11:27  Mutalisk x3  
Tags
 
Add a new tag
Caveats
  • Supply blocks, unpowered buildings, or Contaminate may cause inaccurate times.
  • Supply counts are checked every 10 seconds.